 Dungeon Crawl Stone Soup version 0.29-a0-775-g4d7333d4e2 (webtiles) character file.

Game seed: 5074470257631507869

502 Anon1729 the Ruffian (level 6, -3/56 HPs)
             Began as a Minotaur Monk on July 1, 2022.
             Slain by Prince Ribbit (10 damage)
             ... on level 5 of the Dungeon.
             The game lasted 00:02:59 (4823 turns).

Anon1729 the Ruffian (Minotaur Monk)                Turns: 4823, Time: 00:03:00

Health: -3/56      AC:  7    Str: 17    XL:     6   Next: 95%
Magic:  5/5        EV: 12    Int:  7    God:
Gold:   232        SH:  0    Dex: 13    Spells: 5/5 levels left

rFire   . . .      SeeInvis .     - Unarmed
rCold   + . .      Faith    .   (no shield)
rNeg    . . .      Spirit   .   e - +2 ring mail {rC+}
rPois   .          Reflect  .   (helmet restricted)
rElec   .          Harm     .   (no cloak)
rCorr   .          Rampage  .   (no gloves)
Will    .....                   (no boots)
Stlth   +.........              (no amulet)
HPRegen 0.18/turn               (no ring)
MPRegen 0.09/turn               (no ring)

@: no status effects
A: horns 2, retaliatory headbutt
a: no special abilities


You were on level 5 of the Dungeon.
You visited 1 branch of the dungeon, and saw 5 of its levels.

You collected 232 gold pieces.

Inventory:

Missiles
 k - a throwing net (quivered)
Armour
 a - a +0 robe
 e - a +2 ring mail of cold resistance (worn)
Jewellery
 u - a ring of positive energy
Scrolls
 b - 2 scrolls of enchant armour {unknown}
 d - 2 scrolls of vulnerability {unknown}
 g - 2 scrolls of poison {unknown}
 h - a scroll of immolation {unknown}
 j - 7 scrolls of identify {unknown}
 l - a scroll of noise {unknown}
 n - 2 scrolls of teleportation {unknown}
 o - 3 scrolls of amnesia {unknown}
 p - 3 scrolls of enchant weapon {unknown}
 v - a scroll of torment {unknown}
Potions
 c - 3 potions of cancellation
 f - a potion of heal wounds {unknown}
 i - 2 potions of degeneration {unknown}
 m - a potion of mutation {unknown}
 q - 2 potions of curing
 r - a potion of flight {unknown}
 s - a potion of might {unknown}
 t - a potion of invisibility {unknown}


   Skills:
 + Level 5.3 Fighting
 + Level 3.5 Armour
 + Level 4.8 Dodging
 - Level 1.5 Stealth
 * Level 6.1 Unarmed Combat


You had 5 spell levels left.
You didn't know any spells.
Your spell library contained the following spells:

 Spells                   Type           Power      Damage    Failure   Level
 Call Canine Familiar     Summ           0%         N/A       94%         3
 Ignite Poison            Fire/Tmut/Pois 0%         N/A       94%         3
 Mephitic Cloud           Conj/Pois/Air  0%         N/A       94%         3
 Portal Projectile        Hex/Tloc       0%         N/A       94%         3
 Leda's Liquefaction      Hex/Erth       0%         N/A       100%        4
 Freezing Cloud           Conj/Ice/Air   0%         6-21      100%        5


Dungeon Overview and Level Annotations

Branches:
Dungeon (5/15)
 Temple: D:4-7

Altars:

Annotations:
D:5 Prince Ribbit


Innate Abilities, Weirdness & Mutations

You have a pair of horns on your head.
You reflexively headbutt those who attack you in melee.


Message History

Prince Ribbit catches a millipede with his tongue.
Prince Ribbit hits you.
You closely miss Prince Ribbit.
Prince Ribbit is lightly wounded.
Prince Ribbit hits you!
You are too injured to fight recklessly!
You are too injured to fight recklessly!
You are too injured to fight recklessly!
You are too injured to fight recklessly!
You are too injured to fight recklessly!
You are too injured to fight recklessly!
You completely miss Prince Ribbit. Your headbutt misses Prince Ribbit.
Prince Ribbit is lightly wounded.
Prince Ribbit hits you but does no damage.
You barely miss Prince Ribbit.
Prince Ribbit is lightly wounded.
Prince Ribbit sighs, "It's not easy being green!"
Prince Ribbit barely misses you.
You hit Prince Ribbit. Your headbutt misses Prince Ribbit.
Prince Ribbit is moderately wounded.
Prince Ribbit misses you. Prince Ribbit hits you!
* * * LOW HITPOINT WARNING * * *
You completely miss Prince Ribbit.
Prince Ribbit is moderately wounded.
Prince Ribbit barely misses you.
It was a potion of curing.
You feel better. Prince Ribbit barely misses you.
You barely miss Prince Ribbit. Your punch misses Prince Ribbit.
Prince Ribbit is moderately wounded.
Prince Ribbit hits you!
* * * LOW HITPOINT WARNING * * *
Prince Ribbit attacks as you move away! Prince Ribbit barely misses you.
You furiously retaliate!
You headbutt Prince Ribbit.
Prince Ribbit croaks regally.
Prince Ribbit barely misses you.
Throw: 2 throwing nets
Press: ? - help, Q - select action Shift-Dir - straight line, f - Prince Ribbit
Aim: Prince Ribbit (heavily wounded, 36% to hit)
You throw a throwing net. The throwing net misses Prince Ribbit.
Prince Ribbit hits you!
You die...

.###.#..####
..#.......#
.........#
........###
#..........
#..(....#
#.......#
#.......#
###@.####
#F...#
#(......#
####.##.# .#
# #


You could see Prince Ribbit.

Vanquished Creatures
  Sigmund (D:4)
  A phantom (D:4)
  A scorpion (D:4)
  A bouda (D:4)
  A jelly (D:4)
  An iguana (D:4)
  4 gnolls (D:4)
  2 adders
  2 worms
  3 dart slugs (D:1)
  An orc (D:3)
  6 endoplasms
  4 giant cockroaches
  4 goblins
  5 hobgoblins
  5 jackals (D:1)
  4 quokkas
  5 ball pythons
  4 bats
  3 frilled lizards
  6 kobolds
  7 rats
71 creatures vanquished.

Vanquished Creatures (others)
  A plant (D:1)
1 creature vanquished.

Grand Total: 72 creatures vanquished

Notes
Turn   | Place    | Note
-------+----------+-------------------------------------------
     0 | D:1      | Anon1729 the Minotaur Monk began the quest for the Orb.
     0 | D:1      | Reached XP level 1. HP: 19/19 MP: 0/0
   263 | D:1      | Reached XP level 2. HP: 7/27 MP: 1/1
   621 | D:1      | Reached skill level 1 in Armour
   848 | D:1      | Reached XP level 3. HP: 33/33 MP: 2/2
   889 | D:1      | Reached skill level 4 in Unarmed Combat
  1801 | D:3      | Reached XP level 4. HP: 40/40 MP: 3/3
  2309 | D:3      | Found a faded altar of an unknown god.
  3039 | D:4      | Noticed a phantom
  3048 | D:4      | Killed a phantom
  3049 | D:4      | Reached XP level 5. HP: 47/47 MP: 4/4
  3071 | D:4      | Noticed Sigmund
  3100 | D:4      | Killed Sigmund
  3101 | D:4      | Reached skill level 5 in Fighting
  3101 | D:4      | Reached skill level 5 in Unarmed Combat
  3101 | D:4      | Reached XP level 6. HP: 20/56 MP: 5/5
  3787 | D:5      | Entered Level 5 of the Dungeon
  4080 | D:4      | Reached skill level 6 in Unarmed Combat
  4614 | D:5      | Noticed Prince Ribbit
  4823 | D:5      | Slain by Prince Ribbit

Illustrated notes

Levels and vault maps discovered:
D:1:      grunt_arrival_crossed_arrows, layout_loops_ring,
          corexii_hall_statues_x, ebering_dispersal_statue_hall,
          serial_bayou_crossing
D:2:      layout_loops_ring, minmay_pentomino_t2
D:3:      layout_basic, ebering_ecumenical_altar_sacrificial, roderic_lattice_a
D:4:      layout_layer_cave, uniq_sigmund
D:5:      layout_loops_ring, old_standard_altar, cheibrodos_ashenzari_chains,
          serial_shops, nicolae_shop_stone, uniq_prince_ribbit1

Skill      XL: |  1  2  3  4  5  6 |
---------------+-------------------+-----
Armour         | 1 2 3 |  3.5
Fighting       | 4 5 |  5.3
Unarmed Combat | 4 5 6 |  6.1
Dodging        | 4 |  4.8
Stealth        | |  1.5

Action                   |  1- 3 |  4- 6 || total
-------------------------+-------+-------++-------
Melee: Unarmed           |   112 |   104 ||   216
       Headbutt          |    16 |    24 ||    40
       Punch             |     2 |     6 ||     8
Throw: Throwing net      |       |     1 ||     1
  Use: Potion            |       |     3 ||     3
 Stab: Sleeping          |     1 |       ||     1
Armor: Robe              |     3 |       ||     3
       Ring mail         |    33 |    20 ||    53
Dodge: Dodged            |    65 |    44 ||   109

Table legend: (Time is in decaauts)
 A = Elapsed time spent in this place.
 B = Non-inter-level travel time spent in this place.
 C = Inter-level travel time spent in this place.
 D = Time resting spent in this place.
 E = Time spent auto-exploring this place.
 F = Levels seen in this place.
 G = Mean time per level.
                   A        B        C        D        E       F      G
               +--------+--------+--------+--------+--------+-----+--------+
         Total |   4814 |   4677 |    137 |    511 |   3606 |   5 |  962.8 |
       Dungeon |   4814 |   4677 |    137 |    511 |   3606 |   5 |  962.8 |
               +--------+--------+--------+--------+--------+-----+--------+

Top non-repeatable levels by time:
     D:4: 1829 daAuts
     D:1: 1182 daAuts
     D:3: 976 daAuts
     D:2: 616 daAuts
     D:5: 210 daAuts
